 Dungeon Crawl Stone Soup version 0.28.0 (webtiles) character file.

Game seed: 5429332711850329931

13197 Strat the Severer (level 11, 0/104 HPs)
             Began as a Deep Dwarf Fighter on Feb 9, 2022.
             Was a Priest of Makhleb.
             Slain by a death yak (8 damage)
             ... on level 11 of the Dungeon.
             The game lasted 00:36:39 (6805 turns).

Strat the Severer (Deep Dwarf Fighter)              Turns: 6805, Time: 00:36:40

Health: 0/104      AC: 19    Str: 24    XL:     11   Next: 72%
Magic:  0/0        EV:  7    Int:  9    God:    Makhleb [***...]
Gold:   409        SH:  5    Dex: 12    Spells: 10/10 levels left

rFire   . . .      SeeInvis .   a - +1 war axe
rCold   + . .      Faith    .   c - +0 buckler
rNeg    . . .      Spirit   .   H - +0 plate armour {rC+}
rPois   .          Reflect  .   F - +0 helmet
rElec   .          Harm     .   (no cloak)
rCorr   .          Rampage  .   (no gloves)
Will    ++...                   (no boots)
Stlth   ..........              e - amulet of magic regeneration
HPRegen 0.00/turn               j - +4 ring of protection
MPRegen 0.47/turn               m - ring of willpower

@: no status effects
A: damage resistance, heal wounds, sense surroundings 2, no regeneration
a: Heal Wounds, Renounce Religion, Minor Destruction, Lesser Servant of Makhleb


You were on level 11 of the Dungeon.
You worshipped Makhleb.
Makhleb was most pleased with you.
You visited 2 branches of the dungeon, and saw 12 of its levels.
You also visited: Sewer, Ossuary and Bailey.

You collected 409 gold pieces.

Inventory:

Hand Weapons
 a - a +1 war axe (weapon)
 b - a +2 hunting sling of freezing
 r - a +1 hand axe of electrocution
 x - a +0 morningstar
 A - a +0 hunting sling
 G - a +2 hand axe of flaming
Missiles
 g - 52 poisoned darts
 k - 196 stones
 l - 2 throwing nets
 q - 3 curare-tipped darts
 J - 2 javelins
Armour
 c - a +0 buckler (worn)
 f - a +0 plate armour
 F - a +0 helmet (worn)
 H - a +0 plate armour of cold resistance (worn)
Jewellery
 e - an amulet of magic regeneration (around neck)
 j - a +4 ring of protection (left hand)
 m - a ring of willpower (right hand)
 n - a ring of see invisible
 I - a ring of protection from fire
Wands
 C - a wand of mindburst (18)
Scrolls
 p - a scroll of magic mapping
 w - 2 scrolls of fear
 y - 2 scrolls of enchant weapon
 B - a scroll of teleportation
 K - a scroll of fog {unknown}
 L - a scroll of amnesia
Potions
 d - a potion of might
 h - a potion of attraction
 i - 2 potions of mutation
 o - 7 potions of curing
 s - 2 potions of haste
 t - 3 potions of brilliance
 u - 2 potions of magic
 v - a potion of flight
 D - a potion of ambrosia
 E - a potion of experience {unknown}
 M - a potion of berserk rage {unknown}


   Skills:
 + Level 8.3 Fighting
 + Level 15.8 Axes
 + Level 9.5 Armour
 - Level 5.0 Shields


You had 10 spell levels left.
You didn't know any spells.
Your spell library contained the following spells:

 Spells                   Type           Power      Damage    Failure   Level
 Animate Skeleton         Necr           0%         N/A       99%         1
 Pain                     Necr           0%         1d4       99%         1
 Sting                    Tmut/Pois      0%         1d3       99%         1
 Poisonous Vapours        Pois/Air       0%         N/A       100%        2
 Static Discharge         Conj/Air       0%         N/A       100%        2
 Vampiric Draining        Necr           0%         2d6       100%        3
 Dispel Undead            Necr           0%         3d6       100%        4
 Olgreb's Toxic Radiance  Pois           0%         N/A       100%        4
 Sticky Flame             Conj/Fire      0%         2d3       100%        4


Dungeon Overview and Level Annotations

Branches:
Dungeon (11/15)            Temple (1/1) D:7           Sewer (visited)
Ossuary (visited)          Bailey (visited)
   Lair: D:8-11         Orc: D:9-12

Altars:
Ashenzari
Cheibriados
Dithmenos
Fedhas
Gozag
Hepliaklqana
Makhleb
Okawaru
Sif Muna
Trog
Vehumet
Wu Jian
Xom
Yredelemnul
The Shining One

Annotations:
D:8 1 runed translucent door, PyroAlive's ghost, novice DsWn
D:10 Erica


Innate Abilities, Weirdness & Mutations

You are resistant to damage.
You can heal yourself by infusing magical energy.
You passively map the area around you.
You do not regenerate.


Message History

You see here a boulder beetle corpse.
There is an open door here.
There is a stone staircase leading down here.
You climb downwards.
There is a stone staircase leading up here.
A rat comes into view.
A quokka comes into view.
You barely miss the rat. You slash the rat!
You kill the rat!
Makhleb accepts your kill.
You feel better.
You slash the quokka!
You kill the quokka!
Makhleb accepts your kill.
You feel better.
You see here a quokka corpse.
A death yak comes into view.
The death yak bellows!
You hear a deafening roar! x2
A river rat comes into view.
A rat and a death yak come into view.
The death yak bellows!
You hear a deafening roar!
You hit the death yak but do no damage. The death yak gores you.
* * * LOW HITPOINT WARNING * * *
You slash the death yak!
The death yak is lightly wounded.
The death yak barely misses you.
You slash the death yak!
The death yak is moderately wounded.
You slice the death yak!!
The death yak is heavily wounded.
The death yak gores you!
* * * LOW HITPOINT WARNING * * *
You hit the death yak but do no damage.
The death yak is heavily wounded.
The death yak closely misses you.
You hit the death yak but do no damage.
The death yak is heavily wounded.
The death yak gores you!
You die... * , ,, .Y.. #..# * ....##...(.. #... , ........... #... ........... ##..# * .......... ##..## * rYr

, , ##..## #Y#
** #...# #Y#
#..## #@###
#..# #...##
#.<# #....#
#..# #....##
##..# #.....##
##...#
##...?.###...##
#..†........#
#...######.##
##...# #####


You could see 3 death yaks, a river rat and a rat.

Vanquished Creatures
  Fannar (D:10)
  A boulder beetle (D:10)
  A two-headed ogre (D:7)
  A wizard (D:9)
  Pikel (D:7)
  An orc knight (Bailey)
  A manticore (D:11)
  2 centaur zombies (D:10)
  Joseph (D:10)
  A komodo dragon (D:10)
  Prince Ribbit (D:6)
  12 yaks
  2 steam dragons
  Menkaure (D:6)
  3 large abominations (D:9)
  An acid dragon (D:10)
  3 water moccasins
  6 orc warriors
  A hornet zombie (D:8)
  2 sky beasts
  2 ogres (D:6)
  2 lemures
  5 centaurs
  A bullfrog (D:9)
  10 kobold brigands
  2 elf zombies (Ossuary)
  2 gnoll sergeants
  6 small abominations (D:9)
  A scorpion (D:4)
  10 killer bees
  8 wights
  3 howler monkeys
  A bullfrog zombie (D:6)
  5 hounds
  2 jellies
  5 orc priests
  A centaur skeleton (D:6)
  4 iguanas
  5 orc wizards
  A killer bee zombie (D:6)
  A hound skeleton (D:4)
  2 mummies (Ossuary)
  A howler monkey zombie (D:9)
  16 gnolls
  3 river rats
  8 adders
  2 white imps
  An ufetubus (D:6)
  3 adder zombies (Ossuary)
  7 worms
  2 dart slugs
  27 orcs
  8 endoplasms
  5 giant cockroaches
  14 goblins
  8 hobgoblins
  5 jackals
  24 kobolds
  7 quokkas
  9 ball pythons
  4 bats
  2 frilled lizards
  2 goblin zombies (Ossuary)
  13 hobgoblin zombies (Ossuary)
  2 jackal zombies (Ossuary)
  10 kobold zombies (Ossuary)
  5 orc zombies (Ossuary)
  9 rats
319 creatures vanquished.

Notes
Turn   | Place    | Note
-------+----------+-------------------------------------------
     0 | D:1      | Strat the Deep Dwarf Fighter began the quest for the Orb.
     0 | D:1      | Reached XP level 1. HP: 20/20 MP: 1/1
   108 | D:1      | Reached skill level 3 in Axes
   138 | D:1      | Reached XP level 2. HP: 21/27 MP: 2/2
   342 | D:2      | Reached XP level 3. HP: 22/33 MP: 3/3
   392 | D:2      | Reached skill level 4 in Axes
   795 | D:3      | Reached XP level 4. HP: 25/40 MP: 4/4
   817 | D:3      | Found a glowing drain.
   824 | Sewer    | Entered a sewer
   842 | Sewer    | Noticed a kobold brigand
   853 | Sewer    | Reached skill level 5 in Axes
   861 | Sewer    | Killed a kobold brigand
   862 | Sewer    | Reached XP level 5. HP: 24/46 MP: 5/5
  1092 | Sewer    | Reached skill level 6 in Axes
  1092 | Sewer    | Reached XP level 6. HP: 25/55 MP: 6/6
  1128 | Sewer    | Reached skill level 5 in Armour
  1242 | Sewer    | Reached skill level 7 in Axes
  1309 | Sewer    | Reached XP level 7. HP: 25/61 MP: 7/7
  1411 | Sewer    | Reached skill level 8 in Axes
  1623 | D:3      | Found a faded altar of an unknown god.
  2047 | D:4      | Reached skill level 9 in Axes
  2279 | D:5      | Entered Level 5 of the Dungeon
  2368 | D:5      | Reached XP level 8. HP: 54/68 MP: 6/6
  2386 | D:5      | Reached skill level 10 in Axes
  2674 | D:6      | Found a bloodstained altar of Trog.
  2700 | D:6      | Noticed Prince Ribbit
  2727 | D:6      | Killed Prince Ribbit
  2728 | D:6      | Reached skill level 5 in Fighting
  2798 | D:6      | Noticed Menkaure
  2882 | D:6      | Reached skill level 11 in Axes
  2899 | D:6      | Killed Menkaure
  3024 | D:6      | Gained mutation: You passively map the area around you.
                  | [Deep Dwarf growth]
  3024 | D:6      | Reached XP level 9. HP: 24/81 MP: 6/6
  3038 | D:6      | Found a sand-covered staircase.
  3094 | D:6      | Reached skill level 12 in Axes
  3104 | Ossuary  | Entered an ossuary
  3516 | D:7      | Noticed Pikel
  3575 | D:7      | Found a staircase to the Ecumenical Temple.
  3586 | D:7      | Noticed a two-headed ogre
  3599 | D:7      | Killed a two-headed ogre
  3600 | D:7      | Reached skill level 13 in Axes
  3605 | Temple   | Entered the Ecumenical Temple
  3678 | Temple   | Became a worshipper of Makhleb the Destroyer
  3894 | D:7      | Found a flagged portal.
  3915 | Bailey   | Entered a bailey
  3930 | Bailey   | Noticed an orc knight
  3985 | Bailey   | Killed an orc knight
  3986 | Bailey   | Reached skill level 14 in Axes
  4028 | Bailey   | Reached XP level 10. HP: 47/88 MP: 7/7
  4105 | Bailey   | Noticed an orc knight
  4111 | Bailey   | Noticed an orc sorcerer
  4129 | Bailey   | Noticed a soul eater
  4189 | D:7      | Found a shimmering blue altar of Sif Muna.
  4280 | D:7      | Killed Pikel
  4286 | D:7      | Reached * piety under Makhleb
  4502 | D:8      | Noticed a two-headed ogre
  4828 | D:8      | Identified the +7 rapier of Moral Flaws {drain, rF++ Int+2}
  4918 | D:8      | Found a runed translucent door.
  4919 | D:8      | Found a shimmering altar of Xom.
  4919 | D:8      | Noticed PyroAlive's ghost (novice DsWn)
  4919 | D:8      | Noticed a +2 trident of chaos
  4984 | D:9      | Reached skill level 5 in Shields
  5122 | D:9      | Noticed a wizard
  5135 | D:9      | Killed a wizard
  5301 | D:9      | Reached ** piety under Makhleb
  5437 | D:9      | Noticed a large abomination
  5632 | D:9      | Killed a large abomination
  5735 | D:9      | Reached XP level 11. HP: 71/99 MP: 3/3
  5857 | D:9      | Reached skill level 15 in Axes
  5862 | D:10     | Entered Level 10 of the Dungeon
  5950 | D:10     | Noticed Joseph
  5961 | D:10     | Killed Joseph
  6082 | D:10     | Found an iron altar of Okawaru.
  6168 | D:10     | Noticed Erica
  6349 | D:10     | Identified the amulet of Viophon {Spirit Harm Rampage Int-5
                  | Dex-5}
  6412 | D:10     | Noticed Fannar
  6468 | D:10     | Killed Fannar
  6468 | D:10     | Reached *** piety under Makhleb
  6708 | D:11     | Noticed a boulder beetle
  6710 | D:11     | Noticed a death yak
  6741 | D:10     | Killed a boulder beetle
  6797 | D:11     | Noticed a death yak
  6798 | D:11     | Noticed a death yak
  6805 | D:11     | Slain by a death yak

Illustrated notes

Levels and vault maps discovered:
D:1:      dpeg_arrival_pits, layout_rooms, minmay_statues_item
D:2:      layout_rooms, minmay_misc_feat_cross
D:3:      layout_rooms, shapermc_ecumenical_altar_pompeii,
          gup_sewer_entry_spiral
D:4:      layout_basic
D:5:      layout_loops_ring, st_stairs_12, uniq_sigmund
D:6:      layout_basic, lemuel_crystal_altar, enter_ossuary_1, uniq_menkaure,
          uniq_prince_ribbit1
D:7:      layout_cave_pools, nicolae_sif_muna_little_library,
          minmay_temple_entry_proselytizer, enter_bailey_7, uniq_pikel
D:8:      layout_basic, ebering_ghost_xom
D:9:      layout_irregular_city, laboratory
D:10:     layout_rooms, okawaru_gym_becter, nicolae_elevator_lobby_plus,
          uniq_joseph, uniq_fannar, uniq_erica
D:11:     layout_layer_cave, dpeg_lair_monsters
Temple:   mainiacjoe_temple_bowtie_tessellation

Skill      XL: |  1  2  3  4  5  6  7  8  9 10 11 |
---------------+----------------------------------+-----
Axes           | 3 4 5 6 7 9 11 14 15 | 15.8
Armour         | 4 5 7 9 |  9.5
Fighting       | 5 6 8 |  8.3
Shields        | 5 |  5.0

Action                   |  1- 3 |  4- 6 |  7- 9 | 10-12 || total
-------------------------+-------+-------+-------+-------++-------
Melee: War axe           |   100 |   127 |   497 |   575 ||  1299
 Fire: Hunting sling     |    16 |       |     2 |     4 ||    22
 Abil: Heal Wounds       |       |     2 |    16 |    28 ||    46
Evoke: Wand              |       |       |    11 |     9 ||    20
  Use: Scroll            |       |       |    14 |     8 ||    22
       Potion            |       |       |     1 |     4 ||     5
 Stab: Paralysed         |       |       |    21 |       ||    21
Armor: Scale mail        |    35 |       |       |       ||    35
       Chain mail        |    20 |    62 |   262 |       ||   344
       Plate armour      |       |       |     1 |   314 ||   315
Dodge: Dodged            |    55 |    38 |   135 |   163 ||   391
Block: Buckler           |    33 |    21 |    81 |   128 ||   263
